 Dungeon Crawl Stone Soup version 0.28-a0-1594-ga885d4b3d6 (webtiles) character file.

Game seed: 13559817815166906396

0 lonewolfV2 the Ducker (level 1, -2/11 HPs)
             Began as a Vampire Gladiator on Jan 20, 2022.
             Slain by a quokka (3 damage)
             ... on level 1 of the Dungeon.
             The game lasted 00:00:53 (39 turns).

lonewolfV2 the Ducker (Vampire Gladiator)             Turns: 39, Time: 00:00:53

Health: -2/11      AC:  4    Str: 13    XL:     1   Next: 8%
Magic:  1/1        EV: 12    Int: 10    God:
Gold:   0          SH:  0    Dex: 15    Spells: 0/0 levels left

rFire   . . .      SeeInvis +   a - +0 long sword
rCold   + + .      Faith    .   (no shield)
rNeg    + + +      Spirit   .   b - +0 leather armour
rPois   ∞          Reflect  .   c - +0 helmet
rElec   .          Harm     .   (no cloak)
rCorr   .          Rampage  .   (no gloves)
Will    .....                   (no boots)
Stlth   +++.......              (no amulet)
HPRegen 0.00/turn               (no ring)
MPRegen 0.07/turn               (no ring)

@: bloodless, inhibited regen
A: bloodless, fangs 3, see invisible, vampiric 1, [frail 1]
a: Revivify


You were on level 1 of the Dungeon.
You visited 1 branch of the dungeon, and saw 1 of its levels.

Inventory:

Hand Weapons
 a - a +0 long sword (weapon)
Missiles
 d - 3 throwing nets (quivered)
Armour
 b - a +0 leather armour (worn)
 c - a +0 helmet (worn)
Scrolls
 e - a scroll of amnesia {unknown}


   Skills:
 + Level 1.7 Fighting
 + Level 3.0 Long Blades
 + Level 1.5 Throwing
 + Level 3.3 Dodging


You couldn't memorise any spells.
You didn't know any spells.
Your spell library was empty.

Dungeon Overview and Level Annotations

Branches:
Dungeon (1/15)

Altars:


Innate Abilities, Weirdness & Mutations

You do not regenerate when monsters are visible.
You are frail without blood (-20% HP).
You can heal yourself when you bite living creatures.
You are immune to poison.
You have razor-sharp teeth.
You have supernaturally acute eyesight. (SInv)
You are afflicted with vampirism.
[You are frail. (-10% HP)]


Message History

A quokka comes into view.
A goblin comes into view. It is wielding a +0 club.
The goblin hits you but does no damage.
Continue your ritual? [Y]es or [N]o only, please.
Continue your ritual?
You begin the revivification ritual.
You continue your ritual.
The goblin misses you.
You continue your ritual.
The goblin closely misses you.
You continue your ritual.
The goblin misses you.
You continue your ritual.
The goblin shouts!
The goblin hits you with a +0 dagger.
You continue your ritual.
The goblin closely misses you.
You return to life.
You feel frail.
Unknown command.
The goblin closely misses you.
You begin bloodletting.
You continue bloodletting.
The goblin barely misses you. The goblin hits you but does no damage.
Keep bloodletting?
You continue bloodletting.
The goblin hits you with a +0 club. The goblin hits you but does no damage.
You continue bloodletting.
The goblin barely misses you. The goblin hits you but does no damage.
You continue bloodletting.
The goblin closely misses you. The goblin hits you with a +0 dagger.
You continue bloodletting.
The goblin hits you with a +0 club. The goblin hits you with a +0 dagger.
You become bloodless.
You hit the goblin but do no damage. The goblin closely misses you.
The goblin hits you with a +0 dagger.
* * * LOW HITPOINT WARNING * * *
You hit the goblin.
You kill the goblin!
The quokka bites you.
You die...

.......#.# #........
..#.....#..# #........
...#...#...# #........
..#.#.#....# #....[...
##...#.....# #........
#.....#....# #.......#
...#...#...#####rg.....#
..#.#...#..#.†..@).....#
.#.<.#...#...###.......#
......#....### #########
.....#.#...#
#...#......#
##.#.#.....#
..#...#....#
...#...#...#
....#...#..#


You could see a quokka and a goblin.

Vanquished Creatures
  A goblin (D:1)
  A rat (D:1)
2 creatures vanquished.

Notes
Turn   | Place    | Note
-------+----------+-------------------------------------------
     0 | D:1      | lonewolfV2 the Vampire Gladiator began the quest for the
                  | Orb.
     0 | D:1      | Reached XP level 1. HP: 16/16 MP: 1/1
    39 | D:1      | Slain by a quokka

Illustrated notes

Levels and vault maps discovered:
D:1:      matt_arrival_diagonals, layout_basic, chequers_serial_rivers_micro_a,
          chequers_serial_rivers_micro_c, minmay_vboxes

Action                   || total
-------------------------++-------
Melee: Long sword        ||     7
 Abil: Exsanguinate      ||     2
       Revivify          ||     1
Armor: Leather armour    ||     4
Dodge: Dodged            ||    13

Table legend: (Time is in decaauts)
 A = Elapsed time spent in this place.
 B = Non-inter-level travel time spent in this place.
 C = Inter-level travel time spent in this place.
 D = Time resting spent in this place.
 E = Time spent auto-exploring this place.
 F = Levels seen in this place.
 G = Mean time per level.
                   A        B        C        D        E       F      G
               +--------+--------+--------+--------+--------+-----+--------+
         Total |     40 |     40 |      0 |      0 |      6 |   1 |   40.0 |
       Dungeon |     40 |     40 |      0 |      0 |      6 |   1 |   40.0 |
               +--------+--------+--------+--------+--------+-----+--------+

Top non-repeatable levels by time:
     D:1: 40 daAuts
